 Dungeon Crawl Stone Soup version 0.19.1 (webtiles) character file.

592 ChaseSP the Cleaver (level 7, -3/57 HPs)
             Began as a Hill Orc Fighter on Nov 29, 2016.
             Killed from afar by an orc wizard (8 damage)
             ... with a puff of flame
             ... on level 4 of the Dungeon.
             The game lasted 00:05:52 (4083 turns).

ChaseSP the Cleaver (Hill Orc Fighter)              Turns: 4083, Time: 00:05:53

Health: -3/57      AC: 12    Str: 19    XL:     7   Next: 39%
Magic:  7/7        EV:  2    Int:  9    God:
Gold:   196        SH: 10    Dex: 11    Spells: 0 memorised, 6 levels left

rFire  . . .     SeeInvis .     a - +0 war axe
rCold  . . .     Gourm    .     H - +0 plate armour
rNeg   . . .     Faith    .     c - +0 shield
rPois  .         Spirit   .     t - +0 helmet
rElec  .         Reflect  +     x - +0 cloak
rCorr  .         Harm     .     (no gloves)
MR     .....                    (no boots)
Stlth  ..........               E - +2 amulet of reflection
                                (no ring)
                                (no ring)

@: heavily drained
A: no striking features
a: no special abilities


You were on level 4 of the Dungeon.
You were not hungry.

You visited 1 branch of the dungeon, and saw 4 of its levels.
You also visited: Ossuary.

You collected 196 gold pieces.

Inventory:

Hand Weapons
 a - a +0 war axe (weapon)
 u - a +2 mace of protection
Armour
 c - a +0 shield (worn)
 t - a +0 helmet (worn)
 x - a +0 cloak (worn)
 H - a +0 plate armour (worn)
Jewellery
 q - an uncursed amulet of harm
 E - a +2 amulet of reflection (around neck)
Wands
 v - a wand of random effects (33/48)
Scrolls
 e - 5 scrolls of remove curse {unknown}
 g - 2 scrolls of fear {unknown}
 h - 7 scrolls of identify {unknown}
 l - 3 scrolls of teleportation {unknown}
 n - 2 scrolls of amnesia {unknown}
 o - 3 scrolls of fog {unknown}
 p - a scroll of immolation {unknown}
 s - a scroll of random uselessness {unknown}
 w - a scroll of magic mapping {unknown}
 y - 3 scrolls of enchant weapon {unknown}
 C - 2 scrolls of blinking {unknown}
Potions
 d - 5 potions of might
 i - 5 potions of heal wounds {unknown}
 j - 2 potions of agility {unknown}
 k - 2 potions of invisibility {unknown}
 m - 4 potions of curing {unknown}
 r - a potion of brilliance {unknown}
 A - 2 potions of lignification {unknown}
 B - a potion of mutation {unknown}
 D - a potion of degeneration {unknown}
 G - a potion of ambrosia {unknown}
Comestibles
 f - 2 bread rations
 z - a meat ration


   Skills:
 - Level 3.6(2.0) Fighting
 + Level 10.3(8.5) Axes
 - Level 3.2(1.7) Armour
 - Level 3.2(1.7) Shields


You had 6 spell levels left.
You didn't know any spells.

Dungeon Overview and Level Annotations

Branches:
Dungeon (4/15)
 Temple: D:4-7

Altars:
Elyvilon
Gozag


Message History

The orc wizard is severely wounded.
Your plate armour prevents you from hitting the orc.
You block the orc's attack. You block the orc wizard's attack.
Unknown command.
You barely miss the orc wizard.
The orc wizard is severely wounded.
You hit the orc. You block the orc's attack.
The orc wizard hits you but does no damage.
You barely miss the orc wizard.
The orc wizard is severely wounded.
You closely miss the orc.
The orc wizard hits you but does no damage.
You block the orc's attack.
You closely miss the orc wizard.
The orc wizard is severely wounded.
You hit the orc.
You kill the orc!
The orc wizard casts a spell at you. The puff of flame hits you!
You die...

.. .. #.# .#.# #.#
...#####.####
#.###..##.......########
#...?..##.#####.........
##'###[# #.#.#.#.#.
##...##.# #.........
##...)o#.# ##...⌠.....
##....)@..####......._..
#.....†...........⌠.....
+.......................
#.<.......##.#..#.#.#.#.
##.......###.##.........
##.....## #.......#####
##...## #######.# ##+##
#.# #######.# #.#


You could see an orc wizard.

Vanquished Creatures
  An ogre (D:4)
  2 elf zombies (Ossuary)
  A bullfrog (D:3)
  A centaur zombie (Ossuary)
  Crazy Yiuf (D:2)
  A human zombie (Ossuary)
  An orc wizard (D:4)
  A big kobold zombie (Ossuary)
  2 mummies (Ossuary)
  Robin (D:2)
  4 adders
  An ooze (D:4)
  An adder zombie (Ossuary)
  A worm (D:2)
  3 dart slugs (D:1)
  2 leopard geckos
  An orc (D:4)
  A giant cockroach (D:3)
  16 goblins
  9 hobgoblins
  8 kobolds
  2 ball pythons (D:2)
  7 bats
  2 frilled lizards (D:4)
  2 goblin zombies (Ossuary)
  9 hobgoblin zombies (Ossuary)
  A jackal zombie (Ossuary)
  11 kobold zombies (Ossuary)
  6 orc zombies (Ossuary)
  10 rats
  2 rat zombies (Ossuary)
111 creatures vanquished.

Notes
Turn   | Place    | Note
-------+----------+-------------------------------------------
     0 | D:1      | ChaseSP the Hill Orc Fighter began the quest for the Orb.
     0 | D:1      | Reached XP level 1. HP: 19/19 MP: 1/1
    49 | D:1      | Reached skill level 3 in Axes
   219 | D:1      | Reached XP level 2. HP: 26/26 MP: 2/2
   454 | D:1      | Reached skill level 4 in Axes
   721 | D:1      | Reached XP level 3. HP: 29/31 MP: 3/3
  1061 | D:2      | Reached skill level 5 in Axes
  1103 | D:2      | Found an opulent altar of Gozag.
  1139 | D:2      | Noticed Robin
  1162 | D:2      | Killed Robin
  1162 | D:2      | Reached XP level 4. HP: 30/39 MP: 4/4
  1389 | D:2      | Reached skill level 6 in Axes
  1694 | D:2      | Found a runed door.
  1702 | D:2      | Noticed Crazy Yiuf
  1706 | D:2      | Killed Crazy Yiuf
  1706 | D:2      | Reached XP level 5. HP: 45/45 MP: 5/5
  2197 | D:3      | Found a faded altar of an unknown god.
  2241 | D:3      | Reached skill level 7 in Axes
  2955 | D:4      | Found a sand-covered staircase.
  3002 | Ossuary  | Entered an ossuary
  3018 | Ossuary  | Reached skill level 8 in Axes
  3019 | Ossuary  | Reached XP level 6. HP: 45/51 MP: 6/6
  3174 | Ossuary  | Reached skill level 9 in Axes
  3187 | Ossuary  | Reached XP level 7. HP: 20/57 MP: 7/7
  3717 | D:4      | Found a white marble altar of Elyvilon.
  3822 | D:4      | Reached skill level 10 in Axes
  4083 | D:4      | Killed from afar by an orc wizard

Skill      XL: |  1  2  3  4  5  6  7 |
---------------+----------------------+-----
Axes           | 3 4 5 6 8 9 10 | 10.3
Fighting       | |  3.6
Armour         | |  3.2
Shields        | |  3.2

Action                   |  1- 3 |  4- 6 |  7- 9 || total
-------------------------+-------+-------+-------++-------
Melee: War axe           |    99 |   180 |    30 ||   309
  Eat: Chunk             |     1 |     6 |       ||     7
       Meat ration       |       |       |     1 ||     1
Armor: Scale mail        |    34 |    90 |     4 ||   128
       Plate armour      |       |       |    26 ||    26
Dodge: Dodged            |    28 |    58 |     6 ||    92
Block: Shield            |    58 |    89 |    14 ||   161
